 Dungeon Crawl Stone Soup version 0.26-a0-651-gb41185065b (webtiles) character file.

Game seed: 9693177042366788893

170 kae the Ruffian (level 5, -8/40 HPs)
             Began as a Draconian Transmuter on Oct 27, 2020.
             Killed by divine providence
             ... invoked by an orc priest
              (15 damage)
             ... on level 4 of the Dungeon.
             The game lasted 00:02:10 (2259 turns).

kae the Ruffian (Draconian Transmuter)              Turns: 2259, Time: 00:02:10

Health: -8/40      AC:  2    Str: 13    XL:     5   Next: 26%
Magic:  6/8        EV: 19    Int: 13    God:
Gold:   180        SH:  0    Dex: 17    Spells: 2/8 levels left

rFire    + . .     SeeInvis .     - Unarmed
rCold    . . .     Faith    .   (shield currently unavailable)
rNeg     . . .     Spirit   .   (armour unavailable)
rPois    x         Reflect  .   (helmet currently unavailable)
rElec    .         Harm     .   (cloak currently unavailable)
rCorr    .         Rampage  .   (gloves currently unavailable)
MR       +....                  (boots currently unavailable)
Stlth    ++........             (no amulet)
HPRegen  0.13/turn              h - ring of protection from fire
MPRegen  0.11/turn              d - ring of protection from magic

@: spider-form (expiring)
A: tiny, unfitting armour, AC +5
a: End Transformation


You were on level 4 of the Dungeon.
You were a venomous arachnid creature.
You visited 1 branch of the dungeon, and saw 4 of its levels.

You collected 180 gold pieces.

Inventory:

Jewellery
 d - a ring of protection from magic (right front leg)
 h - a ring of protection from fire (left front leg)
 k - an uncursed ring of ice
Scrolls
 a - 2 scrolls of identify
 e - a scroll of noise
 g - a scroll of fear {unknown}
 i - a scroll of remove curse
Potions
 b - a potion of resistance
 c - a potion of curing
 f - a potion of ambrosia


   Skills:
 - Level 1.1 Fighting
 - Level 1.7 Dodging
 * Level 5.2 Unarmed Combat
 - Level 2.0 Spellcasting
 + Level 3.4 Transmutations


You had 2 spell levels left.
You knew the following spells:

 Your Spells              Type           Power        Failure   Level
a - Beastly Appendage     Tmut           ##....       17%         1
b - Wereblood             Tmut           ##......     24%         2
c - Spider Form           Tmut/Pois      #.........   58%         3

Your spell library contained the following spells:

 Spells                   Type           Power        Failure   Level
 Ice Form                 Ice/Tmut       #.......     90%         4
 Blade Hands              Tmut           ##........   95%         5


Dungeon Overview and Level Annotations

Branches:
Dungeon (4/15)
 Temple: D:4-7

Altars:


Innate Abilities, Weirdness & Mutations

((Your plain brown scales are hard. (AC +5)))
You cannot fit into any form of body armour.
((You are cold-blooded and may be slowed by cold attacks.))


Message History

You kill the gnoll!
You see here a +0 flail.
You hit the gnoll.
The gnoll is poisoned.
The gnoll is moderately wounded.
You hit the gnoll shaman but do no damage.
The gnoll shaman is poisoned.
The orc priest begins to cast a cantrip, but forgets the words!
You hit the gnoll shaman.
The gnoll shaman is lightly wounded.
The gnoll shaman completely misses you.
You hit the gnoll shaman.
The gnoll shaman looks as sick as possible!
The gnoll shaman is heavily wounded.
The gnoll shaman hits you with a +0 club!
The orc priest invokes the aid of Beogh against you.
Beogh smites you!
* * * LOW HITPOINT WARNING * * *
The orc priest calls down the wrath of Beogh upon you.
Beogh smites you!
You die...

..... ### .... ####..
###.#.#####.....
###...#.##....#...
#...###....####[##
#.†.....#### ##.#
###..####....###..# #
#....# ####..#..## #.
##.#s.# #...## #.#..#.##
#####..## ###...##g#
#.......#
.......Zg####..#####.####
###.#..)............(....
#<##.o##...#######.####
....> .### #.# ......?. #
#.## .....####.. #..##


You could see a gnoll shaman (extremely poisoned), an orc priest, a gnoll (very
poisoned) and a centaur skeleton.

Vanquished Creatures
  A bullfrog skeleton (D:4)
  A hound skeleton (D:4)
  2 gnolls (D:4)
  5 adders
  3 worms (D:2)
  4 dart slugs
  2 orcs (D:3)
  2 ball pythons
  6 bats
  A giant cockroach (D:3)
  3 goblins
  7 hobgoblins
  2 jackals (D:2)
  4 kobolds
  2 quokkas
  4 frilled lizards
  4 rats
53 creatures vanquished.

Notes
Turn   | Place    | Note
-------+----------+-------------------------------------------
     0 | D:1      | kae the Draconian Transmuter began the quest for the Orb.
     0 | D:1      | Reached XP level 1. HP: 16/16 MP: 3/3
   228 | D:1      | Reached XP level 2. HP: 22/23 MP: 3/5
   790 | D:2      | Reached XP level 3. HP: 27/28 MP: 6/6
   836 | D:2      | Reached skill level 4 in Unarmed Combat
  1504 | D:3      | Reached XP level 4. HP: 35/35 MP: 5/7
  2213 | D:4      | Reached skill level 5 in Unarmed Combat
  2213 | D:4      | Reached XP level 5. HP: 40/40 MP: 6/8
  2242 | D:4      | Learned a level 2 spell: Wereblood
  2246 | D:4      | Learned a level 3 spell: Spider Form
  2259 | D:4      | Killed from afar by an orc priest

Illustrated notes

Levels and vault maps discovered:
D:1:      minmay_arrival_five_plusses, layout_rooms
D:2:      layout_basic
D:3:      layout_loops_cross
D:4:      layout_rooms

Skill      XL: |  1  2  3  4 |
---------------+-------------+-----
Unarmed Combat | 4 5 |  5.2
Transmutations | 3 |  3.4
Fighting       | |  1.1
Dodging        | |  1.7
Spellcasting   | |  2.0

Action                   |  1- 3 |  4- 6 || total
-------------------------+-------+-------++-------
Melee: Unarmed           |   119 |    42 ||   161
       Tailslap          |    11 |     5 ||    16
       Kick              |    12 |     6 ||    18
       Headbutt          |     7 |     4 ||    11
       Punch             |     1 |     2 ||     3
 Cast: Beastly Appendage |    20 |     9 ||    29
       Spider Form       |       |     1 ||     1
  Use: Scroll            |     8 |     3 ||    11
 Stab: Sleeping          |     1 |       ||     1
Armor: Skin              |    41 |     8 ||    49
Dodge: Dodged            |    95 |    26 ||   121

Table legend: (Time is in decaauts)
 A = Elapsed time spent in this place.
 B = Non-inter-level travel time spent in this place.
 C = Inter-level travel time spent in this place.
 D = Time resting spent in this place.
 E = Time spent auto-exploring this place.
 F = Levels seen in this place.
 G = Mean time per level.
                   A        B        C        D        E       F      G
               +--------+--------+--------+--------+--------+-----+--------+
         Total |   2244 |   2176 |     68 |      6 |   1765 |   4 |  561.0 |
       Dungeon |   2244 |   2176 |     68 |      6 |   1765 |   4 |  561.0 |
               +--------+--------+--------+--------+--------+-----+--------+

Top non-repeatable levels by time:
     D:2: 772 daAuts
     D:1: 709 daAuts
     D:3: 653 daAuts
     D:4: 108 daAuts
